 Dungeon Crawl Stone Soup version 0.28-a0-862-g58c29a6370 (webtiles) character file.

Game seed: 11460912036516325160

4918 AvatarAndi78 the Covered (level 10, -5/86 HPs)
             Began as a Minotaur Berserker on Nov 16, 2021.
             Was a Priest of Trog.
             Slain by a white ugly thing (21 damage)
             ... on level 9 of the Dungeon.
             The game lasted 00:20:37 (8644 turns).

AvatarAndi78 the Covered (Minotaur Berserker)       Turns: 8644, Time: 00:20:37

Health: -5/86      AC: 13    Str: 24    XL:     10   Next: 27%
Magic:  9/9        EV: 13    Int:  4    God:    Trog [***...]
Gold:   358        SH: 14    Dex: 11    Spells: 9/9 levels left

rFire   . . .      SeeInvis +   u - +3 short sword (freeze)
rCold   . . .      Faith    .   A - +1 tower shield
rNeg    . . .      Spirit   .   e - +0 ring mail
rPois   .          Reflect  .   (helmet restricted)
rElec   .          Harm     .   o - +0 cloak
rCorr   .          Rampage  .   i - +2 pair of gloves
Will    ++...                   t - +1 pair of boots {Fly}
Stlth   +.........              C - amulet of the acrobat
HPRegen 1.24/turn               f - ring of see invisible
MPRegen 0.11/turn               y - +4 ring of evasion

@: strong-willed, flying, regenerating
A: horns 2, retaliatory headbutt
a: Renounce Religion, Berserk, Trog's Hand


You were on level 9 of the Dungeon.
You worshipped Trog.
Trog was most pleased with you.
You visited 1 branch of the dungeon, and saw 9 of its levels.
You also visited: Sewer.

You collected 578 gold pieces.
You spent 220 gold pieces at shops.

Inventory:

Hand Weapons
 n - a +4 quarterstaff of chaos
 u - a +3 short sword of freezing (weapon)
 H - a +2 great sword of freezing
Missiles
 x - a throwing net (quivered)
Armour
 e - a +0 ring mail (worn)
 i - a +2 pair of gloves (worn)
 o - a +0 cloak (worn)
 t - a +1 pair of boots of flying (worn)
 A - a +1 tower shield (worn)
Jewellery
 f - a ring of see invisible (left hand)
 y - a +4 ring of evasion (right hand)
 C - an amulet of the acrobat (around neck)
 D - a +4 ring of evasion
Wands
 l - a wand of iceblast (8)
 m - a wand of flame (51)
 I - a wand of polymorph (5)
 J - a wand of charming (7)
Scrolls
 c - 2 scrolls of magic mapping
 d - a scroll of blinking
 p - a scroll of enchant armour
 r - 2 scrolls of teleportation
 w - 3 scrolls of summoning
 F - a scroll of brand weapon
 G - a scroll of enchant weapon
Potions
 b - a potion of heal wounds
 g - 3 potions of resistance
 h - a potion of ambrosia
 j - a potion of curing
 k - a potion of degeneration
 q - a potion of berserk rage
 z - a potion of cancellation
 B - 2 potions of invisibility
 E - a potion of brilliance {unknown}


   Skills:
 + Level 7.4 Fighting
 + Level 7.4 Short Blades
 + Level 5.9 Axes
 + Level 7.1 Staves
 + Level 7.6 Armour
 + Level 6.2 Dodging
 + Level 1.5 Stealth
 + Level 6.6 Shields
 + Level 0.1 Evocations


You had 9 spell levels left.
You didn't know any spells.
Your spell library was empty.

Dungeon Overview and Level Annotations

Branches:
Dungeon (9/15)             Temple (0/1) D:6            Lair (0/6) D:9
  Sewer (visited)
    Orc: D:9-12

Altars:
Ru
The Shining One
Lugonu

Shops:
D:6 ?

Portals:
Abyss: D:4


Innate Abilities, Weirdness & Mutations

You have a pair of horns on your head.
You reflexively headbutt those who attack you in melee.


Message History

The white ugly thing claws you but does no damage.
You block the white ugly thing's attack.
You barely miss the white ugly thing. You headbutt the white ugly thing!
The white ugly thing is severely wounded.
You block the white ugly thing's attack.
You hit the white ugly thing.
The white ugly thing is severely wounded.
The white ugly thing claws you but does no damage.
You hit the white ugly thing. You freeze the white ugly thing.
The white ugly thing is severely wounded.
The white ugly thing claws you. The white ugly thing freezes you!
You hit the white ugly thing but do no damage.
You headbutt the white ugly thing.
The white ugly thing is almost dead.
The white ugly thing claws you but does no damage.
You hit the white ugly thing but do no damage.
The white ugly thing is almost dead.
The white ugly thing claws you! The white ugly thing freezes you!
You are too injured to fight recklessly!
You are too injured to fight recklessly!
You are too injured to fight recklessly!
You are too injured to fight recklessly!
You are too injured to fight recklessly!
You are too injured to fight recklessly!
You hit the white ugly thing but do no damage.
The white ugly thing is severely wounded.
The white ugly thing closely misses you.
You furiously retaliate!
You headbutt the white ugly thing! You barely miss the white ugly thing.
The white ugly thing is almost dead.
You block the white ugly thing's attack.
You hit the white ugly thing.
Your headbutt misses the white ugly thing.
The white ugly thing is almost dead.
The white ugly thing claws you! The white ugly thing freezes you!!
* * * LOW HITPOINT WARNING * * *
The white ugly thing claws you.
* * * LOW HITPOINT WARNING * * *
The white ugly thing freezes you!!
You die...

..###...............
..............####+#
#####.###+##..#
#.#....#..#
#.#....#..# ..
#.#....'..# ..#
#.######..######...#
#
#..................#
.
............@u.....#
.
....#######........#
... #........# .
#......... ###
#..##+#### ..# ####
..# ####


PPP## You could see a white ugly thing.

Vanquished Creatures
  A manticore (D:6)
  Maurice (D:8)
  A komodo dragon (D:9)
  4 yaks (D:8)
  A vampire (D:6)
  A steam dragon (D:6)
  Menkaure (D:7)
  Duvessa (D:6)
  2 water moccasins
  A sky beast (D:7)
  An orc warrior (D:8)
  A black bear (D:4)
  2 ice beasts
  A necrophage (D:5)
  3 ogres
  A centaur (D:5)
  2 kobold brigands (D:8)
  2 bullfrogs
  A scorpion (D:7)
  Dowan (D:6)
  6 killer bees (D:8)
  A howler monkey (D:5)
  4 wights (D:8)
  A centaur zombie (D:7)
  2 crimson imps
  3 jellies
  2 bullfrog zombies
  2 bullfrog skeletons
  3 orc priests
  Crazy Yiuf (D:2)
  2 hounds
  2 centaur skeletons (D:6)
  Terence (D:2)
  An iguana (D:5)
  2 orc wizards
  3 killer bee zombies (D:8)
  A howler monkey zombie (D:8)
  4 gnolls
  6 adders
  2 shadow imps (D:6)
  2 white imps (D:7)
  2 ufetubi
  An adder skeleton (D:4)
  A worm (D:2)
  2 dart slugs
  31 orcs
  11 bats
  7 endoplasms
  6 giant cockroaches
  7 hobgoblins
  7 jackals
  3 quokkas
  12 ball pythons
  3 frilled lizards
  7 goblins
  A goblin skeleton (D:3)
  2 goblin zombies (D:3)
  2 hobgoblin zombies (D:3)
  21 kobolds
  An orc skeleton (D:3)
  3 orc zombies (D:3)
  A rat (D:1)
  A lurking horror (D:4)
212 creatures vanquished.

Vanquished Creatures (others)
  A lurking horror (D:4)
  3 plants (D:9)
4 creatures vanquished.

Grand Total: 216 creatures vanquished

Notes
Turn   | Place    | Note
-------+----------+-------------------------------------------
     0 | D:1      | AvatarAndi78 the Minotaur Berserker began the quest for the
                  | Orb.
     0 | D:1      | Reached XP level 1. HP: 19/19 MP: 0/0
   173 | D:1      | Reached XP level 2. HP: 20/27 MP: 1/1
   551 | D:1      | Found a faded altar of an unknown god.
   733 | D:2      | Noticed Terence
   741 | D:2      | Killed Terence
   741 | D:2      | Reached ** piety under Trog
   742 | D:2      | Reached XP level 3. HP: 34/34 MP: 2/2
   955 | D:2      | Reached XP level 4. HP: 41/41 MP: 3/3
  1143 | D:2      | Found a sacrificial altar of Ru.
  1276 | D:2      | Reached skill level 5 in Axes
  1403 | D:2      | Found a runed translucent door.
  1404 | D:2      | Noticed Crazy Yiuf
  1415 | D:2      | Killed Crazy Yiuf
  1548 | D:3      | Found a glowing drain.
  1566 | Sewer    | Entered a sewer
  1569 | Sewer    | Reached XP level 5. HP: 44/47 MP: 4/4
  1598 | Sewer    | Noticed a water moccasin
  1603 | Sewer    | Killed a water moccasin
  1736 | D:3      | Reached skill level 1 in Staves
  1755 | D:3      | Found a glowing golden altar of the Shining One.
  1768 | D:3      | Reached XP level 6. HP: 55/55 MP: 5/5
  1770 | D:3      | Reached *** piety under Trog
  3058 | D:4      | Reached skill level 5 in Fighting
  3058 | D:4      | Reached skill level 5 in Armour
  3058 | D:4      | Reached XP level 7. HP: 53/61 MP: 6/6
  3131 | D:4      | Found a one-way gate to the infinite horrors of the Abyss.
  3131 | D:4      | Found a corrupted altar of Lugonu.
  3593 | D:5      | Entered Level 5 of the Dungeon
  3956 | D:5      | Reached skill level 5 in Staves
  4102 | D:5      | Reached XP level 8. HP: 61/69 MP: 7/7
  4348 | D:5      | Reached skill level 1 in Short Blades
  4843 | D:5      | Identified a scroll of acquirement
  4843 | D:5      | Acquired a +1 pair of boots of flying
  4962 | D:6      | Found a staircase to the Ecumenical Temple.
  5059 | D:6      | Reached skill level 1 in Shields
  5088 | D:6      | Found Wilept's Magic Scroll Emporium.
  5103 | D:6      | Bought a scroll of enchant armour for 97 gold pieces
  5103 | D:6      | Bought a scroll of summoning for 123 gold pieces
  5683 | D:6      | Noticed a manticore
  5690 | D:6      | Killed a manticore
  5691 | D:6      | Reached skill level 5 in Dodging
  5691 | D:6      | Reached skill level 1 in Stealth
  5691 | D:6      | Reached XP level 9. HP: 75/75 MP: 8/8
  5812 | D:6      | Noticed Duvessa
  5812 | D:6      | Noticed Dowan
  5820 | D:6      | Killed Duvessa
  5824 | D:6      | Killed Dowan
  6145 | D:7      | Noticed Menkaure
  6151 | D:7      | Killed Menkaure
  6216 | D:7      | Reached skill level 5 in Short Blades
  7650 | D:8      | Reached skill level 5 in Shields
  7953 | D:8      | Reached XP level 10. HP: 74/86 MP: 9/9
  8331 | D:8      | Reached **** piety under Trog
  8456 | D:8      | Noticed Maurice
  8467 | D:8      | Killed Maurice
  8524 | D:9      | Found a staircase to the Lair.
  8624 | D:9      | Noticed a white ugly thing
  8644 | D:9      | Slain by a white ugly thing

Illustrated notes

Levels and vault maps discovered:
D:1:      evilmike_arrival_plus, layout_rooms,
          shapermc_ecumenical_altar_pompeii, minmay_tree_intersection,
          minivault_24, grunt_decor_clamped
D:2:      wander_river, layout_rooms, basic_altar, minmay_indecisive_spiral,
          uniq_crazy_yiuf_cottage, uniq_terence
D:3:      layout_loops_corners, nicolae_tso_besieged_by_evil,
          cheibrodos_sewer_entry_sluice, st_stairs_1, minmay_misc_feat_encased,
          hangedman_decor_clover_reticule
D:4:      layout_basic, amcnicky_altar_lugonu_corruption
D:5:      layout_basic, serial_co_window_serial, co_window_paths_a,
          co_window_paths_a, co_window_corner_a, co_window_paths_b,
          co_window_paths_b, co_window_2corner, co_window_corner_b,
          co_window_unsneaky_path_c, co_window_corner_ca, co_window_broadway_b,
          co_window_unsneaky_path_b, co_window_2corner, glass_columns_b,
          glass_columns_a, chequers_serial_rivers_room_a
D:6:      layout_loops_ring, minmay_temple_entry_gardened_gates, serial_shops,
          shop_fountains, small_statue_alley_b, uniq_duvessa
D:7:      layout_basic, minmay_fire_ice_demons, uniq_menkaure
D:8:      layout_basic, minmay_misc_feat_plants, uniq_maurice
D:9:      layout_irregular_city, david_lair_shrubbed, grunt_ministairs_13,
          nrook_uturn, kennysheep_small_square

Skill      XL: |  1  2  3  4  5  6  7  8  9 10 |
---------------+-------------------------------+-----
Fighting       | 4 5 6 7 |  7.4
Axes           | 4 5 |  5.9
Armour         | 3 4 5 6 7 |  7.6
Staves         | 1 4 6 7 |  7.1
Dodging        | 3 5 6 |  6.2
Short Blades   | 4 6 7 |  7.4
Shields        | 3 6 |  6.6
Stealth        | 1 |  1.5
Evocations     | |  0.1

Action                   |  1- 3 |  4- 6 |  7- 9 | 10-12 || total
-------------------------+-------+-------+-------+-------++-------
Melee: Hand axe          |    62 |    27 |       |       ||    89
       Headbutt          |    10 |    14 |    73 |    16 ||   113
       Quarterstaff      |       |    90 |    46 |       ||   136
       Short sword       |       |       |   249 |    51 ||   300
Invok: Berserk           |     1 |     1 |     8 |     3 ||    13
       Trog's Hand       |       |     2 |     9 |     4 ||    15
Evoke: Wand              |       |       |     2 |       ||     2
  Use: Scroll            |       |     4 |     9 |     3 ||    16
       Potion            |       |       |     9 |       ||     9
Armor: Ring mail         |    20 |    51 |   107 |     7 ||   185
Dodge: Dodged            |    38 |    67 |   131 |    16 ||   252
Block: Tower shield      |       |       |   174 |    32 ||   206

Table legend: (Time is in decaauts)
 A = Elapsed time spent in this place.
 B = Non-inter-level travel time spent in this place.
 C = Inter-level travel time spent in this place.
 D = Time resting spent in this place.
 E = Time spent auto-exploring this place.
 F = Levels seen in this place.
 G = Mean time per level.
                   A        B        C        D        E       F      G
               +--------+--------+--------+--------+--------+-----+--------+
         Total |   8886 |   8645 |    241 |      0 |   7080 |  10 |  888.6 |
       Dungeon |   8800 |   8559 |    241 |      0 |   7019 |   9 |  977.8 |
         Sewer |     85 |     85 |      0 |      0 |     61 |   1 |   85.0 |
               +--------+--------+--------+--------+--------+-----+--------+

Top non-repeatable levels by time:
     D:7: 1457 daAuts
     D:5: 1363 daAuts
     D:8: 1147 daAuts
     D:6: 1119 daAuts
     D:4: 1107 daAuts
     D:3: 955 daAuts
     D:1: 829 daAuts
     D:2: 676 daAuts
     D:9: 144 daAuts
   Sewer: 85 daAuts
